 Dungeon Crawl Stone Soup version 0.28-a0-1344-g6b9ff3a05d (webtiles) character file.

Game seed: 10715826840016988690

533 Deminshera the Ruffian (level 7, -3/61 HPs)
             Began as a Ghoul Monk on Dec 29, 2021.
             Slain by a centaur warrior (7 damage)
             ... on level 8 of the Dungeon.
             The game lasted 00:03:55 (3810 turns).

Deminshera the Ruffian (Ghoul Monk)                 Turns: 3810, Time: 00:03:55

Health: -3/61      AC: 12    Str: 16 (17) XL:     7   Next: 24%
Magic:  6/6        EV:  7    Int:  5      God:
Gold:   155        SH:  0    Dex: 11      Spells: 6/6 levels left

rFire   . . .      SeeInvis +     - Unarmed
rCold   + . .      Faith    .   (no shield)
rNeg    + + +      Spirit   .   g - +0 chain mail
rPois   ∞          Reflect  .   a - +1 helmet
rElec   .          Harm     .   d - +0 cloak
rCorr   .          Rampage  .   (no gloves)
Will    .....                   (no boots)
Stlth   ..........              (no amulet)
HPRegen 0.00/turn               m - ring of see invisible
MPRegen 0.10/turn               (no ring)

@: mighty, flying, inhibited regen
A: claws 1, cold resistance 1, negative energy resistance 3, inhibited
regeneration, torment resistance 2
a: no special abilities


You were on level 8 of the Dungeon.
You visited 1 branch of the dungeon, and saw 6 of its levels.

You collected 155 gold pieces.

Inventory:

Armour
 a - a +1 helmet (worn)
 d - a +0 cloak (worn)
 g - a +0 chain mail (worn)
Jewellery
 m - a ring of see invisible (left claw)
Scrolls
 b - a scroll of noise {unknown}
 c - a scroll of acquirement {unknown}
 f - 3 scrolls of identify {unknown}
 j - a scroll of enchant armour {unknown}
 n - a scroll of blinking {unknown}
 o - 3 scrolls of teleportation {unknown}
Potions
 k - a potion of haste {unknown}
 l - a potion of lignification {unknown}
 p - a potion of flight


   Skills:
 - Level 5.0 Fighting
 - Level 3.0 Armour
 - Level 3.2 Dodging
 - Level 3.0 Stealth
 + Level 6.2 Unarmed Combat


You had 6 spell levels left.
You didn't know any spells.
Your spell library contained the following spells:

 Spells                   Type           Power      Damage    Failure   Level
 Shock                    Conj/Air       0%         1d3       100%        1
 Swiftness                Air            0%         N/A       100%        3
 Airstrike                Air            0%         N/A       100%        4


Dungeon Overview and Level Annotations

Branches:
Dungeon (5/15)
 Temple: D:4-7

Altars:
Gozag


Innate Abilities, Weirdness & Mutations

You thrive by killing the living.
You are immune to poison.
You have sharp fingernails.
Your flesh is cold resistant. (rC+)
You are immune to negative energy. (rN+++)
You do not regenerate when monsters are visible.
You are immune to unholy pain and torment.


Message History

The centaur warrior unwields a +0 shortbow.
The centaur warrior hits you but does no damage.
The centaur warrior kicks you but does no damage.
The centaur warrior barely misses you.
The centaur warrior kicks you but does no damage.
You claw the centaur warrior!
The centaur warrior is lightly wounded.
The centaur warrior hits you but does no damage.
The centaur warrior kicks you but does no damage.
You scratch the centaur warrior.
The centaur warrior is moderately wounded.
The centaur warrior completely misses you.
The centaur warrior kicks you.
You barely miss the centaur warrior.
The centaur warrior is moderately wounded.
The centaur warrior hits you.
* * * LOW HITPOINT WARNING * * *
The centaur warrior kicks you but does no damage.
The centaur warrior hits you.
* * * LOW HITPOINT WARNING * * *
The centaur warrior kicks you but does no damage.
It was a potion of flight.
You feel very buoyant.
You fly up into the air.
The centaur warrior hits you.
* * * LOW HITPOINT WARNING * * *
The centaur warrior kicks you but does no damage.
You scratch the centaur warrior.
The centaur warrior is lightly wounded.
The centaur warrior hits you but does no damage.
The centaur warrior closely misses you. The centaur warrior hits you.
* * * LOW HITPOINT WARNING * * *
The centaur warrior kicks you but does no damage.
You scratch the centaur warrior but do no damage.
The centaur warrior is lightly wounded.
The centaur warrior barely misses you.
The centaur warrior kicks you but does no damage.
It was a potion of might.
You feel very mighty all of a sudden. The centaur warrior hits you!
You die...

# ## #.#.
.#F#'#######
...........#
...........#
...........+
.....))....#########
.......######cFc@..#
.....##.......####.#
...####.......#.##>#
..............#....#
>.............#.####
..............#.#
...#.....######.#
.........# #.#
.........## #)#


You could see a centaur warrior, a bullfrog and a centaur.

Vanquished Creatures
  An ice beast (D:8)
  A bullfrog (D:5)
  A howler monkey (D:8)
  A hound (D:4)
  An orc priest (D:8)
  Jessica (D:3)
  2 orc wizards (D:8)
  A killer bee zombie (D:8)
  A hound skeleton (D:4)
  Robin (D:2)
  5 adders
  2 ufetubi (D:4)
  3 dart slugs
  10 orcs
  8 ball pythons
  7 endoplasms
  2 giant cockroaches
  14 goblins
  9 hobgoblins
  3 jackals (D:2)
  2 quokkas (D:4)
  6 bats
  2 frilled lizards (D:1)
  6 kobolds
  6 rats
96 creatures vanquished.

Vanquished Creatures (others)
  3 plants (D:5)
3 creatures vanquished.

Grand Total: 99 creatures vanquished

Notes
Turn   | Place    | Note
-------+----------+-------------------------------------------
     0 | D:1      | Deminshera the Ghoul Monk began the quest for the Orb.
     0 | D:1      | Reached XP level 1. HP: 19/19 MP: 0/0
    58 | D:1      | Reached XP level 2. HP: 26/26 MP: 1/1
   224 | D:1      | Found a faded altar of an unknown god.
   782 | D:2      | Reached XP level 3. HP: 33/33 MP: 2/2
  1027 | D:2      | Reached XP level 4. HP: 41/41 MP: 3/3
  1029 | D:2      | Noticed Robin
  1037 | D:2      | Reached skill level 5 in Fighting
  1058 | D:2      | Killed Robin
  1352 | D:2      | Reached skill level 4 in Unarmed Combat
  1624 | D:3      | Noticed Jessica
  1938 | D:3      | Killed Jessica
  1939 | D:3      | Reached XP level 5. HP: 23/48 MP: 4/4
  2636 | D:3      | Reached skill level 5 in Unarmed Combat
  2759 | D:4      | Found an opulent altar of Gozag.
  2955 | D:4      | Reached XP level 6. HP: 37/56 MP: 5/5
  3537 | D:5      | Entered Level 5 of the Dungeon
  3544 | D:5      | Reached skill level 6 in Unarmed Combat
  3605 | D:5      | You fall into a shaft and drop 3 floors!
  3643 | D:8      | Reached skill level 1 in Armour
  3776 | D:8      | Noticed an ice beast
  3782 | D:8      | Reached XP level 7. HP: 61/61 MP: 6/6
  3782 | D:8      | Noticed a centaur warrior
  3810 | D:8      | Slain by a centaur warrior

Illustrated notes

Levels and vault maps discovered:
D:1:      lightli_arrival_maybe_door_vault, layout_loops_ring,
          hellmonk_ecumenical_altar_crossroads, chequers_avenue, minmay_tall_x
D:2:      layout_rooms, kennysheep_generic_room_11, uniq_robin
D:3:      layout_basic, uniq_jessica
D:4:      layout_basic, lemuel_crystal_altar
D:5:      layout_loops_ring, gammafunk_ghost_gnarly_gnolls,
          chequers_serial_rivers_large_a, nicolae_grassy_gnolls
D:8:      layout_basic

Skill      XL: |  1  2  3  4  5  6  7 |
---------------+----------------------+-----
Stealth        | 3 |  3.0
Fighting       | 4 5 |  5.0
Unarmed Combat | 4 5 6 |  6.2
Dodging        | 3 |  3.2
Armour         | 2 3 |  3.0

Action                   |  1- 3 |  4- 6 |  7- 9 || total
-------------------------+-------+-------+-------++-------
Melee: Unarmed           |   111 |   203 |    12 ||   326
       Punch             |     1 |     3 |       ||     4
  Use: Potion            |       |       |     5 ||     5
 Stab: Sleeping          |     2 |       |       ||     2
Armor: Robe              |     6 |       |       ||     6
       Chain mail        |    43 |   146 |    17 ||   206
Dodge: Dodged            |    58 |    90 |     8 ||   156

Table legend: (Time is in decaauts)
 A = Elapsed time spent in this place.
 B = Non-inter-level travel time spent in this place.
 C = Inter-level travel time spent in this place.
 D = Time resting spent in this place.
 E = Time spent auto-exploring this place.
 F = Levels seen in this place.
 G = Mean time per level.
                   A        B        C        D        E       F      G
               +--------+--------+--------+--------+--------+-----+--------+
         Total |   3784 |   3695 |     89 |    753 |   2293 |   6 |  630.7 |
       Dungeon |   3784 |   3695 |     89 |    753 |   2293 |   6 |  630.7 |
               +--------+--------+--------+--------+--------+-----+--------+

Top non-repeatable levels by time:
     D:2: 1137 daAuts
     D:4: 856 daAuts
     D:1: 768 daAuts
     D:3: 753 daAuts
     D:8: 200 daAuts
     D:5: 67 daAuts
